Unix NetHack Version 5.0.0-0 post-release - last build Jun 10 2026 00:39:30 (3ee93aec679c4c4259841fe613dc97188e26a321,branch:main).

Game began 2026-06-11 14:13:56, ended 2026-06-11 14:29:20.

Drastanta, neutral male human Barbarian

                                                                ---     ---
                                                            -- --.-------.--
                                                           --.--...........---
                                                 ---       |.................|
                                                --..-      |.................|
                                                -....-     --................--
                                                  ....-- -----................|
                                                   -....--@.|--...----.......--
                                                  --.....h.------.|.........-|
                                                 --......f.| |.[.)...---.....--
                                                 |.........| |.--...-| |.^....|
                                                  --...--..| |.|-....| --....--
                                                  |>.. --.-- |*|..---- --....--
                                                  -.-- |..|---<|.-|    |......|
                                                  .    |.--|...|..|    |.....--
                                                  -    |.|.|.--|..--   --....|
                                                       |.....| |...--   --..--
                                                       |....-- --...|    ----
                                                       ------   --..|
                                                                 |..|
                                                                 ----
Drastanta the Bandit       St:18 Dx:16 Co:18 In:8 Wi:9 Ch:6  Neutral
Dlvl:5  $:78 HP:0(75) Pw:15(15) AC:3  Xp:6 T:2678  Burdened

Latest messages:
 You kill the gnome lord!
 The kitten bites the gnome.
 The gnome is killed!
 You see here a scroll labeled DUAM XNAHT.
 You have a little trouble lifting N - a scroll labeled DUAM XNAHT.
 You faint from lack of food.
 You regain consciousness.
 You can hear again.
 A bear trap closes on your foot!
 Are you sure you want to pray? [yn] (n) y
 You begin praying to Crom.
 You are surrounded by a shimmering light.
 The kitten misses the dwarf.
 You finish your prayer.
 You feel that Crom is well-pleased.
 Your stomach feels content.
 You miss the dwarf.
 The dwarf swings her dwarvish mattock.
 The dwarf hits!
 The kitten misses the dwarf.
 The kitten bites the dwarf.
 You miss the dwarf.
 The dwarf swings her dwarvish mattock.
 The dwarf hits!
 The kitten misses the dwarf.
 The kitten misses the dwarf.
 You miss the dwarf.
 The dwarf swings her dwarvish mattock.
 The dwarf hits!
 The kitten misses the dwarf.
 The kitten misses the dwarf.
 The dwarf swings her dwarvish mattock.
 The dwarf hits!
 The kitten misses the dwarf.
 The kitten bites the dwarf.
 The dwarf swings her dwarvish mattock at the kitten.
 The dwarf hits the kitten.
 You miss the dwarf.
 The dwarf swings her dwarvish mattock.
 The dwarf misses!
 You miss the dwarf.
 You miss the dwarf.
 The dwarf swings her dwarvish mattock.
 The dwarf hits!
 The dwarf swings her dwarvish mattock.
 The dwarf hits!
 You die...
 Do you want your possessions identified? [ynq] (y) y
 Do you want to see your attributes? [ynq] (y) n
 Do you want an account of creatures vanquished? [ynaq] (y) q

Inventory:
 Coins    ('$')
  $ - 78 gold pieces
 Weapons  (')')
  L - a +0 aklys
  a - a +0 battle-axe (weapon in hands)
  m - a +0 broadsword
  b - a +0 short sword (alternate weapon; not wielded)
 Armor    ('[')
  n - an uncursed +0 orcish helm (being worn)
  D - an uncursed +2 pair of leather gloves
  E - a cursed +0 pair of high boots
  M - an uncursed +1 pair of iron shoes
  p - an uncursed +0 dwarvish cloak
  u - a cursed +1 robe
  t - a cursed +0 robe
  s - a blessed +0 dwarvish mithril-coat (being worn)
 Comestibles  ('%')
  d - an uncursed food ration
  F - an uncursed partly eaten food ration
  v - 9 cursed food rations
 Scrolls  ('?')
  l - an uncursed scroll of destroy armor
  N - an uncursed scroll of fire
  A - 2 uncursed scrolls of identify
  x - a cursed scroll of identify
 Potions  ('!')
  y - a cursed potion of enlightenment
  j - an uncursed potion of fruit juice
  i - an uncursed potion of healing
  w - 3 cursed potions of healing
  G - an uncursed potion of invisibility
  f - an uncursed potion of sickness
  r - an uncursed potion of water
 Wands    ('/')
  z - a cursed wand of locking (0:8)
  e - a wand of secret door detection (0:14)
  I - a wand of striking (0:3)
 Tools    ('(')
  o - an empty cursed oilskin sack
  C - an uncursed blindfold
  H - an uncursed blindfold
  g - an uncursed oil lamp
  J - an uncursed skeleton key
  K - an uncursed skeleton key

Drastanta the Barbarian's attributes:

Background:
 You were a Bandit, a level 6 male human Barbarian.
 You were neutral, on a mission for Crom
 who was opposed by Mitra (lawful) and Set (chaotic).
 You were left-handed.
 You were in the Gnomish Mines, on level 5.
 You entered the dungeon 2678 turns ago.
 You had 426 experience points, 214 more were needed to attain level 7.

Basics:
 You had 0 out of 75 hit points.
 You had all 15 energy points (spell power).
 Your armor class was 3.
 Your wallet contained 78 zorkmids.
 Autopickup was on for '$' plus thrown.

Final Characteristics:
 Your strength was 18 (limit:18/100).
 Your dexterity was 16 (base:17, limit:18).
 Your constitution was 18 (limit:18).
 Your intelligence was 8 (limit:18).
 Your wisdom was 9 (limit:18).
 Your charisma was 6 (limit:18).

Final Status:
 You were trapped in a bear trap.
 You had a wounded left leg.
 You weren't hungry.
 You were burdened; movement was slightly slowed.
 You were wielding an axe.
 You had basic skill with axe and could have enhanced that.

Final Attributes:
 You were piously aligned.
 You were poison resistant.
 You were guarded.
 You are dead.

Miscellaneous:
 You encountered 1 bones level.
 Total elapsed playing time was 15 minutes and 24 seconds.

Major events:
 Turn
    1: Drastanta the neutral male human Barbarian entered the dungeon
  833: attained the rank of Pillager (level 3)
 1823: entered the Gnomish Mines
 2327: attained the rank of Bandit (level 6)
 2678: killed by a dwarf

You didn't know any spells.

Skills:
 Fighting Skills
   bare handed combat [Basic]
   two weapon combat  [Unskilled]
   riding             [Unskilled]
 Weapon Skills
   dagger             [Unskilled]
   axe                [Basic]
   pick-axe           [Unskilled]
   short sword        [Basic]
   broadsword         [Unskilled]
   long sword         [Unskilled]
   two-handed sword   [Unskilled]
   saber              [Unskilled]
   club               [Unskilled]
   mace               [Unskilled]
   morning star       [Unskilled]
   flail              [Unskilled]
   hammer             [Unskilled]
   quarterstaff       [Unskilled]
   spear              [Unskilled]
   trident            [Unskilled]
   bow                [Unskilled]
 Spellcasting Skills
   attack spells      [Unskilled]
   escape spells      [Unskilled]

Voluntary challenges:
 Character rerolling was not enabled.
 You never genocided any monsters.
 You never polymorphed an object.
 You never changed form.
 You used no wishes.
Achievements:
 You attained the rank of Pillager.
 You entered the Gnomish Mines.
 You attained the rank of Bandit.

 The Dungeons of Doom: levels 1 to 4
    Level 1:
       A fountain, a grave.
    Level 2:
       A fountain.
       Stairs down to The Gnomish Mines.
    Level 3:
    Level 4:
       A fountain.
 The Gnomish Mines: levels 3 to 5
    Level 3:
       A grave.
       Final resting place for
          butwhynow-Mon-Hum-Mal-Neu, killed by a dwarf.
    Level 4:
    Level 5: <- You were here.
       Final resting place for
          you, killed by a dwarf.


Vanquished creatures:
  a ghost
  a water nymph
  2 ponies
  3 gnome leaders
  a straw golem
  2 giant ants
  a little dog
  a floating eye
  5 dwarves
  a kobold leader
  a rabid rat
  a werejackal
  2 iguanas
  3 hobbits
  2 large kobolds
  2 giant rats
  a cave spider
  a yellow mold
  a red mold
 18 gnomes
  4 geckos
  4 jackals
  2 foxes
  a kobold
  3 goblins
  4 grid bugs
  3 lichens
  4 kobold zombies
  5 newts
80 creatures vanquished.

No species were genocided or became extinct.

Game over:
                       ----------
                      /          \
                     /    REST    \
                    /      IN      \
                   /     PEACE      \
                  /                  \
                  |    Drastanta     |
                  |      78 Au       |
                  |   killed by a    |
                  |      dwarf       |
                  |                  |
                  |                  |
                  |       2026       |
                 *|     *  *  *      | *
        _________)/\\_//(\/(/\)/\//\/|_)_______

Goodbye Drastanta the Barbarian...

You died in The Gnomish Mines on dungeon level 5 with 1985 points,
and 78 pieces of gold, after 2678 moves.
You were level 6 with a maximum of 75 hit points when you died.

